 Dungeon Crawl Stone Soup version 0.28-a0-1339-ga5422284a4 (webtiles) character file.

Game seed: 11145398089924428100

70 SensoryNuts the Ducker (level 4, 0/31 HPs)
             Began as an Octopode Fighter on Dec 28, 2021.
             Killed by divine providence
             ... invoked by an orc priest
              (17 damage)
             ... on level 4 of the Dungeon.
             The game lasted 00:02:35 (2474 turns).

SensoryNuts the Ducker (Octopode Fighter)           Turns: 2474, Time: 00:02:36

Health: 0/31       AC:  1    Str: 15    XL:     4   Next: 22%
Magic:  0/4        EV: 15    Int: 16    God:
Gold:   116        SH:  6    Dex: 23    Spells: 3/3 levels left

rFire   . . .      SeeInvis .   a - +1 long sword
rCold   x . .      Faith    .   b - +0 buckler
rNeg    . . .      Spirit   +   g - +0 hat "Kuymne" {Regen+ Dex+6}
rPois   .          Reflect  .   j - amulet of Peace {Spirit Harm rC- Will+ Dex+4}
rElec   .          Harm     +   d - ring "Ucini" {Fly Int+6}
rCorr   .          Rampage  .   (no ring)
Will    +....                   (no ring)
Stlth   +++.......              (no ring)
HPRegen 0.90/turn               (no ring)
MPRegen 0.09/turn               (no ring)
                                (no ring)
                                (no ring)

@: flying
A: almost no armour, amphibious, 8 rings, camouflage 1, gelatinous body 1,
(nimble swimmer 1), tentacles
a: no special abilities


You were on level 4 of the Dungeon.
You visited 1 branch of the dungeon, and saw 4 of its levels.

You collected 116 gold pieces.

Inventory:

Hand Weapons
 a - a +1 long sword (weapon)
Armour
 b - a +0 buckler (worn)
 g - the +0 hat "Kuymne" (worn) {Regen+ Dex+6}
   (You acquired it on level 1 of the Dungeon)

   Dex:       It affects your dexterity (+6).
   Regen:     It increases your rate of health regeneration.
Jewellery
 d - the ring "Ucini" (left tentacle) {Fly Int+6}
   (You acquired it on level 1 of the Dungeon)

   [ring of flight]

   Int:       It affects your intelligence (+6).
   Fly:       It grants you flight.
 e - a ring of flight
 j - the amulet of Peace (around mantle) {Spirit Harm rC- Will+ Dex+4}
   (You acquired it on level 1 of the Dungeon)

   [amulet of guardian spirit]

   It causes incoming damage to be divided between your reserves of health and
   magic.
   Dex:       It affects your dexterity (+4).
   rC:        It makes you vulnerable to cold.
   Harm:      It increases damage dealt and taken.
   Will:      It increases your willpower.
Potions
 c - a potion of might
 f - 3 potions of curing
 l - 2 potions of heal wounds
 m - a potion of brilliance


   Skills:
 + Level 3.4 Fighting
 + Level 2.6 Long Blades
 + Level 3.6 Dodging
 + Level 1.5 Stealth
 + Level 3.3 Shields


You had 3 spell levels left.
You didn't know any spells.
Your spell library contained the following spells:

 Spells                   Type           Power      Damage    Failure   Level
 Animate Skeleton         Necr           0%         N/A       26%         1
 Pain                     Necr           0%         1d4       26%         1
 Vampiric Draining        Necr           0%         2d6       63%         3


Dungeon Overview and Level Annotations

Branches:
Dungeon (4/15)
 Temple: D:4-7

Altars:
Makhleb
Ru
Uskayaw


Innate Abilities, Weirdness & Mutations

You cannot wear most types of armour.
You are amphibious.
You can wear up to eight rings at the same time.
Your skin changes colour to match your surroundings (Stealth+).
Your rubbery body absorbs attacks. (AC +1, EV +1)
((You are camouflaged when in or above water. (Stealth+)))
You have tentacles for arms and can constrict up to eight enemies at once.


Message History

You feel invigorated.
It was a potion of heal wounds.
You feel much better.
It was a potion of brilliance.
You feel clever all of a sudden.
You start waiting.
You feel less invigorated.
You feel less confused.
You start waiting.
You feel a little less clever now.
You start waiting.
Done waiting.
You start waiting.
Done waiting.
You see here a +2 hat.
There is a stone staircase leading down here.
You fly downwards.
Found 6 gold pieces.
There is a stone staircase leading up here.
An orc and an orc priest come into view.
Found 15 gold pieces.
Found a stone staircase leading up.
There are monsters nearby! 3 orcs come into view.
Found 5 gold pieces.
The orc shouts! x2
The orc priest invokes the aid of Beogh against you.
Beogh smites you!
An adder skeleton comes into view.
The orc shouts!
You block the orc priest's attack.
You closely miss the orc priest. You grab the orc priest.
You constrict the orc priest. The adder skeleton closely misses you.
The orc hits you with a +0 club. The orc priest barely misses you.
The adder skeleton closely misses you.
You hit the orc priest.
The orc priest is heavily wounded.
You constrict the orc priest. The orc closely misses you.
The orc priest mumbles some strange prayers to Beogh against you.
Beogh smites you!
Ouch! That really hurt!
You die...

... ..###.#
######.#<#.#
#......#.#.#
#..$...#.#.#
#..o.o.#.#.#
#...Zo.#.#.# #
#...o@.#..$#.<#
...#..o.......#
#.......$..+
#..........#
#......$...#
#............
#.............
#.............#
#..$..........#


You could see an orc priest, 4 orcs and an adder skeleton.

Vanquished Creatures
  An adder (D:2)
  A dart slug (D:2)
  5 ball pythons
  8 bats
  6 endoplasms
  5 giant cockroaches
  6 goblins
  6 hobgoblins
  4 kobolds
  3 quokkas (D:2)
  3 frilled lizards
  5 rats
53 creatures vanquished.

Notes
Turn   | Place    | Note
-------+----------+-------------------------------------------
     0 | D:1      | SensoryNuts the Octopode Fighter began the quest for the
                  | Orb.
     0 | D:1      | Reached XP level 1. HP: 16/16 MP: 1/1
   229 | D:1      | Reached XP level 2. HP: 15/21 MP: 2/2
   678 | D:1      | Identified 3 scrolls of acquirement
   678 | D:1      | Acquired the ring "Ucini" {Fly Int+6}
   680 | D:1      | Acquired the amulet of Peace {Spirit Harm rC- Will+ Dex+4}
   683 | D:1      | Acquired the +0 hat "Kuymne" {Regen+ Dex+6}
   752 | D:2      | Reached XP level 3. HP: 21/26 MP: 1/3
   834 | D:2      | Found a faded altar of an unknown god.
   876 | D:2      | Found a hide-covered altar of Uskayaw.
  1407 | D:2      | Reached skill level 1 in Stealth
  1535 | D:2      | Reached XP level 4. HP: 31/31 MP: 4/4
  1662 | D:3      | Found a sacrificial altar of Ru.
  1907 | D:3      | Found a burning altar of Makhleb.
  2474 | D:4      | Killed from afar by an orc priest

Illustrated notes

Levels and vault maps discovered:
D:1:      minmay_arrival_hallway, layout_rooms
D:2:      layout_loops_ring, ebering_ecumenical_altar_webs, basic_altar,
          roderic_serpentine_path, roderic_st_hans_cross, st_stairs_14
D:3:      layout_loops_cross, mainiacjoe_overflow_cross_hatched, bloody_makhleb,
          grunt_decor_fettered
D:4:      layout_basic

Skill      XL: |  1  2  3 |
---------------+----------+-----
Stealth        | 1 |  1.5
Fighting       | |  3.4
Long Blades    | |  2.6
Dodging        | |  3.6
Shields        | |  3.3

Action                   |  1- 3 |  4- 6 || total
-------------------------+-------+-------++-------
Melee: Long sword        |    65 |    19 ||    84
       Constrict         |    12 |     5 ||    17
       Tentacles         |     8 |     4 ||    12
  Use: Scroll            |     5 |     1 ||     6
       Potion            |     2 |     4 ||     6
 Stab: Sleeping          |    10 |     3 ||    13
       Distracted        |     1 |       ||     1
Armor: Skin              |     7 |       ||     7
Dodge: Dodged            |    40 |    10 ||    50
Block: Buckler           |    11 |     4 ||    15

Table legend: (Time is in decaauts)
 A = Elapsed time spent in this place.
 B = Non-inter-level travel time spent in this place.
 C = Inter-level travel time spent in this place.
 D = Time resting spent in this place.
 E = Time spent auto-exploring this place.
 F = Levels seen in this place.
 G = Mean time per level.
                   A        B        C        D        E       F      G
               +--------+--------+--------+--------+--------+-----+--------+
         Total |   2513 |   2367 |    146 |    260 |   1716 |   4 |  628.2 |
       Dungeon |   2513 |   2367 |    146 |    260 |   1716 |   4 |  628.2 |
               +--------+--------+--------+--------+--------+-----+--------+

Top non-repeatable levels by time:
     D:2: 902 daAuts
     D:3: 837 daAuts
     D:1: 760 daAuts
     D:4: 11 daAuts
